 Dungeon Crawl Stone Soup version 0.20-a0-1089-g3fde505 (webtiles) character file.

508 Monsterracer the Changer (level 7, -5/57 HPs)
             Began as a Naga Transmuter on May 3, 2017.
             Slain by an ice beast (10 damage)
             ... on level 5 of the Dungeon.
             The game lasted 00:25:44 (5920 turns).

Monsterracer the Changer (Naga Transmuter)          Turns: 5920, Time: 00:25:44

Health: -5/57      AC:  5    Str: 11 (12) XL:     7   Next: 18%
Magic:  10/10      EV: 15    Int: 13 (15) God:
Gold:   221        SH:  0    Dex: 14 (17) Spells: 1/10 levels left

rFire    . . .     SeeInvis +     - Unarmed
rCold    . . .     Gourm    .   (no shield)
rNeg     . . .     Faith    .   b - +0 robe
rPois    +         Spirit   .   (no helmet)
rElec    .         Reflect  .   (no cloak)
rCorr    .         Harm     .   a - +1 pair of gloves
MR       .....                  (no barding)
Stlth    ++........             (no amulet)
Regen    0.2/turn               (no ring)
MPRegen  0.2/turn               (no ring)

@: agile, short of breath, appendage (expiring), very slow
A: horns 2, see invisible, deformed body, poison resistance, slowness 2, slow
metabolism 1, spit poison 1, AC +2
a: Spit Poison, End Transformation


You were on level 5 of the Dungeon.
You were not hungry.
You had grown temporary horns.
You visited 1 branch of the dungeon, and saw 5 of its levels.

You collected 221 gold pieces.

Inventory:

Hand Weapons
 l - a +0 hunting sling
Missiles
 g - 8 exploding tomahawks
 k - 5 tomahawks (quivered)
 o - 28 sling bullets
Armour
 a - a +1 pair of gloves (worn)
 b - a +0 robe (worn)
Wands
 f - a wand of polymorph (15/24)
Scrolls
 e - a scroll of fear
 j - a scroll of recharging
 m - a scroll of teleportation
 n - a scroll of identify
 s - 2 scrolls of blinking
 t - a scroll of magic mapping
Potions
 h - a potion of brilliance
 p - a potion of curing
Books
 c - a book of Changes

   Spells                             Type                      Level
   a - Beastly Appendage              Transmutation                1
   b - Sticks to Snakes               Transmutation                2
   c - Spider Form                    Transmutation/Poison         3
   d - Ice Form                       Ice/Transmutation            4
   e - Blade Hands                    Transmutation                5
 i - a book of Necromancy

   Spells                             Type                      Level
   a - Pain                           Necromancy                   1
   b - Animate Skeleton               Necromancy                   1
   c - Vampiric Draining              Necromancy                   3
   d - Regeneration                   Charms/Necromancy            3
   e - Animate Dead                   Necromancy                   4
   f - Control Undead                 Necromancy                   4
Comestibles
 d - 5 bread rations
 q - a chunk of flesh
 r - 4 fruits


   Skills:
 - Level 1.0 Fighting
 - Level 1.5 Dodging
 - Level 4.0 Unarmed Combat
 - Level 2.0 Spellcasting
 * Level 7.1 Transmutations


You had one spell level left.
You knew the following spells:

 Your Spells              Type           Power        Failure   Level  Hunger
a - Beastly Appendage     Tmut           ###...       1%          1    ##.....
b - Spider Form           Tmut/Pois      ##........   17%         3    ####...
c - Blade Hands           Tmut           ###.......   36%         5    ######.


Dungeon Overview and Level Annotations

Branches:
Dungeon (5/15)
 Temple: D:4-7

Altars:
Ashenzari
Vehumet
The Shining One

Annotations:
D:3 1 runed door


Innate Abilities, Weirdness & Mutations

You cannot wear boots.
Your serpentine skin is tough. (AC +2)
You have supernaturally acute eyesight. (SInv)
Armour fits poorly on your strangely shaped body.
Your system is resistant to poisons. (rPois)
You cover ground very slowly.
You have a slow metabolism.
You can spit poison.
You have a pair of horns on your head.


Message History

The ice beast misses you.
You hit the ice beast. Your headbutt misses the ice beast.
The ice beast is severely wounded.
The ice beast hits you.
* * * LOW HITPOINT WARNING * * *
The ice beast freezes you.
* * * LOW HITPOINT WARNING * * *
Okay, then.
Unknown command.
Casting: Beastly Appendage
Confirm with . or Enter, or press ? or * to list all spells.
Okay, then.
Press: ? - help, Shift-Dir - straight line, f - ice beast
Aim: an ice beast (severely wounded)
The splash of poison hits the ice beast.
The ice beast is almost dead.
You feel slightly more hungry. The ice beast hits you.
* * * LOW HITPOINT WARNING * * *
The ice beast freezes you!
You die...

## .. #. #.#
#..#### #[....#
#####....@#
.......>..Y......
#........#######
+..............
#...#..########
######.##..
#.##.# #.##.#
#..#.# #########


You could see an ice beast.

Vanquished Creatures
  2 phantoms
  A big kobold (D:3)
  A crimson imp (D:5)
  A hound (D:4)
  A worker ant (D:4)
  A gnoll (D:1)
  8 adders
  An ooze (D:1)
  2 worms (D:2)
  3 dart slugs
  3 leopard geckos
  An orc (D:4)
  11 bats
  4 giant cockroaches
  6 goblins
  10 hobgoblins
  4 jackals
  12 kobolds
  10 frilled lizards
  A leopard gecko skeleton (D:5)
  6 rats
89 creatures vanquished.

Notes
Turn   | Place    | Note
-------+----------+-------------------------------------------
     0 | D:1      | Monsterracer the Naga Transmuter began the quest for the Orb.
     0 | D:1      | Reached XP level 1. HP: 18/18 MP: 3/3
   385 | D:1      | Reached XP level 2. HP: 24/25 MP: 5/5
   901 | D:1      | Reached skill level 3 in Transmutations
   901 | D:1      | Reached XP level 3. HP: 2/31 MP: 3/6
   945 | D:1      | Learned a level 3 spell: Spider Form
  1380 | D:1      | Noticed a phantom
  1443 | D:2      | Found a faded altar of an unknown god.
  1840 | D:2      | Reached XP level 4. HP: 30/38 MP: 7/7
  1952 | D:2      | Found a glowing golden altar of the Shining One.
  2173 | D:2      | Reached skill level 4 in Transmutations
  2720 | D:2      | Found a shattered altar of Ashenzari.
  2838 | D:3      | Found a shattered altar of Ashenzari.
  2938 | D:3      | Reached XP level 5. HP: 44/44 MP: 8/8
  3057 | D:3      | Found a radiant altar of Vehumet.
  3239 | D:3      | Found a runed door.
  3353 | D:3      | Noticed a big kobold
  3361 | D:3      | Killed a big kobold
  3361 | D:3      | Reached skill level 5 in Transmutations
  3874 | D:4      | Reached XP level 6. HP: 51/51 MP: 9/9
  3881 | D:4      | Learned a level 5 spell: Blade Hands
  3960 | D:4      | Noticed a phantom
  4710 | D:4      | Killed a phantom
  4710 | D:4      | Reached skill level 6 in Transmutations
  4858 | D:1      | Killed a phantom
  4858 | D:1      | Reached XP level 7. HP: 29/57 MP: 5/10
  5665 | D:5      | Entered Level 5 of the Dungeon
  5691 | D:5      | Reached skill level 7 in Transmutations
  5920 | D:5      | Slain by an ice beast

Vault maps used:
D:1:      dpeg_arrival_houses_and_road
D:2:      lemuel_crystal_altar, chequers_ecumenical_altar_simple_redux,
          first_bread, nicolae_tso_carved_into_rock
D:3:      cheibrodos_thug_alley, nicolae_overflow_hidden_temple,
          kennysheep_doodads, grunt_decor_cap, minmay_stone_trees_small,
          evilmike_ruin_ashenzari, uniq_crazy_yiuf_cottage
D:4:      kennysheep_generic_room_11

Skill      XL: |  1  2  3  4  5  6  7 |
---------------+----------------------+-----
Transmutations | 3 4 5 6 7 |  7.1
Unarmed Combat | 4 |  4.0
Fighting       | |  1.0
Dodging        | |  1.5
Spellcasting   | |  2.0

Action                   |  1- 3 |  4- 6 |  7- 9 || total
-------------------------+-------+-------+-------++-------
Melee: Unarmed           |   131 |   147 |    58 ||   336
       Headbutt          |     7 |    12 |    11 ||    30
Throw: Tomahawk          |       |     2 |       ||     2
 Cast: Beastly Appendage |     9 |    13 |     4 ||    26
       Spider Form       |     1 |     1 |       ||     2
       Blade Hands       |       |     2 |       ||     2
 Abil: Spit Poison       |     2 |    13 |     4 ||    19
  Use: Potion            |       |     3 |     2 ||     5
       Scroll            |       |     8 |     2 ||    10
 Stab: Sleeping          |     1 |     1 |       ||     2
       Distracted        |     1 |       |       ||     1
  Eat: Chunk             |     2 |     4 |       ||     6
       Meat ration       |       |     1 |     1 ||     2
Armor: Robe              |    26 |    28 |    27 ||    81
       Skin              |       |     1 |       ||     1
Dodge: Dodged            |    79 |    60 |    34 ||   173
